 Seeded DCSS version 0.30-a0-373-gd37427bb62 (webtiles) character file.

Game seed: 9179525984983259192 (custom seed)

120 purpskrrrp the Ruffian (level 4, -1/45 HPs)
             Began as a Troll Fighter on Nov 24, 2022.
             Was an Initiate of Ru.
             Slain by a gnoll
             ... wielding a +0 halberd
              (12 damage)
             ... on level 2 of the Dungeon.
             The game lasted 00:02:47 (1562 turns).

purpskrrrp the Ruffian (Troll Fighter)              Turns: 1562, Time: 00:02:48

Health: -1/45      AC:  4    Str: 26    XL:     4   Next: 75%
Magic:  3/3        EV:  8    Int:  4    God:    Ru [......]
Gold:   112        SH:  7    Dex:  9    Spells: 3/3 levels left

rFire   . . .      SeeInvis .      - Unarmed
rCold   . . .      Faith    .    b - +0 kite shield
rNeg    . . .      Spirit   .    a - +0 robe
rPois   .          Reflect  .    (helmet restricted)
rElec   .          Harm     .    (no cloak)
rCorr   .          Rampage  .    (gloves unavailable)
Will    .....                    (boots unavailable)
Stlth   ..........               (no amulet)
HPRegen 1.07/turn                (no ring)
MPRegen 0.08/turn                (no ring)

@: studying Dodging
A: large, unfitting armour, claws 3, regeneration 1, shaggy fur 1, tough skin 1,
no stealth
a: Renounce Religion


You were on level 2 of the Dungeon.
You worshipped Ru.
Ru was noncommittal.
You visited 1 branch of the dungeon, and saw 2 of its levels.

You collected 112 gold pieces.

Inventory:

Armour
 a - a +0 robe (worn)
 b - a +0 kite shield (worn)
Jewellery
 h - a +6 ring of intelligence
Scrolls
 e - 3 scrolls of noise {unknown}
 f - 3 scrolls of identify {unknown}
Potions
 c - 2 potions of might
 d - a potion of cancellation {unknown}
 g - a potion of ambrosia {unknown}
 i - a potion of curing {unknown}
 j - a potion of mutation {unknown}
 k - 2 potions of degeneration {unknown}
 l - 5 potions of heal wounds {unknown}


   Skills:
 + Level 3.0 Fighting
 + Level 2.8 Dodging
 - Level 2.6 Shields
 * Level 4.3 Unarmed Combat


You had 3 spell levels left.
You didn't know any spells.
Your spell library contained the following spells:

 Spells                   Type           Power      Damage    Failure   Level
 Ozocubu's Armour         Ice            0%         N/A       99%         3
 Metabolic Englaciation   Hex/Ice        0%         N/A       100%        5
 Simulacrum               Ice/Necr       0%         N/A       100%        6


Dungeon Overview and Level Annotations

Branches:
Dungeon (2/15)

Altars:
Ru


Innate Abilities, Weirdness & Mutations

You are too large for most types of armour.
You have claws for hands.
Your natural rate of healing is unusually fast.
You are covered in fur. (AC +1)
You have tough skin. (AC +1)
You cannot be stealthy.


Message History

You scratch the gnoll.
The gnoll is heavily wounded.
You block the gnoll's attack. The kobold hits you but does no damage.
You block the gnoll's attack.
You scratch the gnoll.
The gnoll is almost dead.
The gnoll barely misses you. The kobold hits you but does no damage.
The gnoll hits you with a +0 spear. x2; The gnoll hits you but does no damage.
You block the kobold's attack.
You closely miss the gnoll.
The gnoll is almost dead.
You block the gnoll's attack. The kobold closely misses you.
The gnoll hits you with a +0 spear.
You claw the gnoll!
You kill the gnoll!
The gnoll hits you with a +0 halberd! The kobold hits you but does no damage.
You are too injured to fight recklessly!
You are too injured to fight recklessly!
You are too injured to fight recklessly!
You are too injured to fight recklessly!
You are too injured to fight recklessly!
You are too injured to fight recklessly!
You are too injured to fight recklessly!
You are too injured to fight recklessly!
You are too injured to fight recklessly!
You are too injured to fight recklessly!
You are too injured to fight recklessly!
You are too injured to fight recklessly!
You are too injured to fight recklessly!
You are too injured to fight recklessly!
You are too injured to fight recklessly!
You are too injured to fight recklessly!
You are too injured to fight recklessly!
You are too injured to fight recklessly!
You are too injured to fight recklessly!
You barely miss the gnoll. The kobold hits you but does no damage.
The gnoll hits you with a +0 halberd!
* * * LOW HITPOINT WARNING * * *
You scratch the gnoll but do no damage. The gnoll hits you with a +0 halberd!
You die...

#.#.....#.. .. #.
#.......#.. ..#.#
###.....#.. #.#.# #.....#..
##.#.######## #.....#..
#...........# #.....#..
####......[....# #.....#..
...........K...####.....#..
)####......@)......#........
.........#..g......#........
.........#.........#........
.........#.........#........
.#######.###########........
#.###### #........ ##.#....#
#.....#.# #..#.##.#
##.####.# #.##.##.# #.# #.#


You could see a gnoll and a kobold.

Vanquished Creatures
  2 gnolls (D:2)
  4 adders (D:2)
  4 dart slugs
  7 endoplasms
  A giant cockroach (D:2)
  4 goblins (D:2)
  8 hobgoblins
  4 kobolds
  6 quokkas
  4 ball pythons
  2 bats
  6 frilled lizards
  2 rats (D:2)
54 creatures vanquished.

Notes
Turn   | Place    | Note
-------+----------+-------------------------------------------
     0 | D:1      | purpskrrrp the Troll Fighter began the quest for the Orb.
     0 | D:1      | Reached XP level 1. HP: 22/22 MP: 0/0
   204 | D:1      | Reached XP level 2. HP: 27/29 MP: 1/1
   248 | D:1      | Found a faded altar of an unknown god.
   289 | D:1      | Prayed at the altar of an unknown god.
   289 | D:1      | Became a worshipper of Ru the Awakened
   305 | D:1      | Reached skill level 3 in Unarmed Combat
   307 | D:1      | Gained mutation: You cannot be stealthy. [Ru sacrifice]
   616 | D:1      | Reached XP level 3. HP: 36/36 MP: 2/2
  1012 | D:2      | Reached XP level 4. HP: 44/44 MP: 3/3
  1091 | D:2      | Identified a scroll of acquirement
  1091 | D:2      | Acquired a manual of Dodging
  1139 | D:2      | Reached skill level 4 in Unarmed Combat
  1562 | D:2      | Slain by a gnoll

Illustrated notes

Levels and vault maps discovered:
D:1:      elethiomel_arrival_maze, layout_rooms,
          chequers_ecumenical_altar_island, serial_corexii_hall,
          corexii_hall_statues_s, corexii_hall_statues_i, minmay_misc_feat_roman
D:2:      minmay_razor_zed, layout_basic

Skill      XL: |  1  2  3  4 |
---------------+-------------+-----
Unarmed Combat | 3 4 |  4.3
Fighting       | 3 |  3.0
Dodging        | |  2.8
Shields        | |  2.6

Action                   |  1- 3 |  4- 6 || total
-------------------------+-------+-------++-------
Melee: Unarmed           |   100 |    56 ||   156
Invok: Sacrifice Stealth |     1 |       ||     1
  Use: Scroll            |       |     3 ||     3
Armor: Robe              |    22 |    15 ||    37
Dodge: Dodged            |    34 |    20 ||    54
Block: Kite shield       |    28 |    19 ||    47

Table legend: (Time is in decaauts)
 A = Elapsed time spent in this place.
 B = Non-inter-level travel time spent in this place.
 C = Inter-level travel time spent in this place.
 D = Time resting spent in this place.
 E = Time spent auto-exploring this place.
 F = Levels seen in this place.
 G = Mean time per level.
                   A        B        C        D        E       F      G
               +--------+--------+--------+--------+--------+-----+--------+
         Total |   1584 |   1547 |     37 |      0 |   1202 |   2 |  792.0 |
       Dungeon |   1584 |   1547 |     37 |      0 |   1202 |   2 |  792.0 |
               +--------+--------+--------+--------+--------+-----+--------+

Top non-repeatable levels by time:
     D:2: 825 daAuts
     D:1: 758 daAuts
